 Dungeon Crawl Stone Soup version 0.26-a0-599-gc8f6553 (webtiles) character file.

Game seed: 1028132987444657531

108 B1Gdaddy5 the Sneak (level 5, -10/34 HPs)
             Began as a Halfling Brigand on Aug 29, 2020.
             Was an Initiate of Vehumet.
             Killed by nerve-wracking pain
             ... invoked by a shadow imp
             ... summoned by Natasha
              (14 damage)
             ... on level 3 of the Dungeon.
             The game lasted 00:35:40 (3098 turns).

B1Gdaddy5 the Sneak (Halfling Brigand)              Turns: 3098, Time: 00:35:41

Health: -10/34     AC:  8    Str: 12    XL:     5   Next: 12%
Magic:  5/5        EV: 14    Int:  9    God:    Vehumet [......]
Gold:   62         SH:  0    Dex: 17    Spells: 4/4 levels left

rFire    + . .     SeeInvis .   p - +2 dagger (freeze)
rCold    . . .     Faith    .   (shield restricted)
rNeg     . . .     Spirit   .   j - +0 leather armour
rPois    .         Reflect  .   b - +0 helmet
rElec    .         Harm     .   c - +0 cloak
rCorr    .                      s - +2 pair of gloves
MR       .....                  (no boots)
Stlth    +++.......             (no amulet)
HPRegen  0.11/turn              o - ring of protection from fire
MPRegen  0.09/turn              (no ring)

@: slowed, very slow
A: small, mutation resistance 1
a: Renounce Religion


You were on level 3 of the Dungeon.
You worshipped Vehumet.
Vehumet was noncommittal.
You visited 1 branch of the dungeon, and saw 3 of its levels.

You collected 62 gold pieces.

Inventory:

Hand Weapons
 a - a +2 dagger
 p - a +2 dagger of freezing (weapon)
 q - a +1 dagger of venom
Missiles
 d - 5 poisoned darts (quivered)
 e - 2 curare-tipped darts
Armour
 b - a +0 helmet (worn)
 c - a +0 cloak (worn)
 j - a +0 leather armour (worn)
 m - a +0 robe
 s - a +2 pair of gloves (worn)
Jewellery
 o - a ring of protection from fire (left hand)
Scrolls
 g - a scroll of fear
 h - a scroll of identify
 i - a scroll of fog
 k - a scroll of random uselessness
 l - 2 scrolls of immolation
 r - 4 scrolls of magic mapping {unknown}
Potions
 f - 2 potions of might
 n - a potion of invisibility {unknown}


   Skills:
 + Level 2.1 Fighting
 + Level 3.2 Short Blades
 + Level 3.1 Throwing
 + Level 0.9 Armour
 + Level 1.7 Dodging
 + Level 5.1 Stealth


You had 4 spell levels left.
You didn't know any spells.
Your spell library was empty.

Dungeon Overview and Level Annotations

Branches:
Dungeon (3/15)

Altars:
Vehumet

Annotations:
D:3 Natasha


Innate Abilities, Weirdness & Mutations

You are small and have problems with some larger weapons.
You are somewhat resistant to further mutation.


Message History

Natasha closely misses you. The shadow imp completely misses you.
You barely miss Natasha.
Natasha is almost dead.
Natasha casts a spell.
The shadow imp hits you. Natasha claws you.
You hit Natasha but do no damage.
Natasha is almost dead.
The shadow imp gestures at you.
You barely resist.
Natasha stares at you and mumbles some strange words.
The magic dart hits you!
* * * LOW HITPOINT WARNING * * *
The white imp gestures at you.
The puff of frost hits you but does no damage.
The shadow imp closely misses you. Natasha casts a spell at you.
You resist with some effort. The white imp closely misses you.
The shadow imp gestures at you. Pain shoots through your body!
You die...

### ### ...# #..
#..# .^. #..#
###(# #.$#####...#
##...55..######
#...@.h........
........##..######
.#...######..#
...# ##.# ## #.##
#..### ##...##
######## ###..#
#(.....# ##.##


You could see Natasha, a white imp (summoned) and a shadow imp (summoned).

Vanquished Creatures
  Natasha (D:3)
  A gnoll (D:1)
  An adder (D:2)
  An ooze (D:2)
  2 worms
  2 dart slugs (D:2)
  2 leopard geckos (D:2)
  2 orcs (D:3)
  2 ball pythons
  4 bats
  2 giant cockroaches (D:1)
  3 goblins
  4 hobgoblins
  3 jackals (D:1)
  2 quokkas
  5 frilled lizards
  9 kobolds
  2 rats
48 creatures vanquished.

Notes
Turn   | Place    | Note
-------+----------+-------------------------------------------
     0 | D:1      | B1Gdaddy5 the Halfling Brigand began the quest for the Orb.
     0 | D:1      | Reached XP level 1. HP: 14/14 MP: 1/1
   291 | D:1      | Reached XP level 2. HP: 18/19 MP: 2/2
   833 | D:1      | Reached XP level 3. HP: 21/24 MP: 3/3
  1177 | D:1      | Reached skill level 5 in Stealth
  1749 | D:2      | Found a radiant altar of Vehumet.
  1756 | D:2      | Became a worshipper of Vehumet
  1991 | D:2      | Reached XP level 4. HP: 22/29 MP: 4/4
  2874 | D:3      | Noticed Natasha
  2886 | D:3      | Killed Natasha
  2888 | D:3      | Reached XP level 5. HP: 28/34 MP: 5/5
  3079 | D:3      | Noticed Natasha
  3098 | D:3      | Killed from afar by a shadow imp

Illustrated notes

Levels and vault maps discovered:
D:1:      dpeg_arrival_round_c, layout_loops_ring, minmay_misc_feat_room
D:2:      kennysheep_six_static_rooms, layout_basic, old_standard_altar
D:3:      layout_rooms, grunt_dithmenos_smoke, serial_bayou_pond_a,
          grunt_ministairs_3, uniq_natasha

Skill      XL: |  1  2  3  4 |
---------------+-------------+-----
Fighting       | 2 |  2.1
Stealth        | 5 |  5.1
Short Blades   | 3 |  3.2
Throwing       | 3 |  3.1
Armour         | |  0.9
Dodging        | |  1.7

Action                   |  1- 3 |  4- 6 || total
-------------------------+-------+-------++-------
Melee: Dagger            |    70 |    64 ||   134
Throw: Dart              |    54 |    39 ||    93
  Use: Scroll            |       |     7 ||     7
 Stab: Sleeping          |     1 |       ||     1
Armor: Robe              |     5 |       ||     5
       Leather armour    |    26 |    11 ||    37
Dodge: Dodged            |    65 |    40 ||   105

Table legend: (Time is in decaauts)
 A = Elapsed time spent in this place.
 B = Non-inter-level travel time spent in this place.
 C = Inter-level travel time spent in this place.
 D = Time resting spent in this place.
 E = Time spent auto-exploring this place.
 F = Levels seen in this place.
 G = Mean time per level.
                   A        B        C        D        E       F      G
               +--------+--------+--------+--------+--------+-----+--------+
         Total |   3058 |   2991 |     67 |    692 |   1038 |   3 | 1019.3 |
       Dungeon |   3058 |   2991 |     67 |    692 |   1038 |   3 | 1019.3 |
               +--------+--------+--------+--------+--------+-----+--------+

Top non-repeatable levels by time:
     D:2: 1427 daAuts
     D:1: 1408 daAuts
     D:3: 221 daAuts
